[Event "Titled Tuesday Blitz April 12 Early 2022"]
[White "Csonka, Balazs"]
[Black "Shtyka, Sergey"]
[WhiteFideId "742910"]
[BlackFideId "4138465"]
[WhiteElo "2404"]
[BlackElo "2014"]
[Result "1-0"]
[Round "09"]
[TimeControl "180+1"]
[Date "2022.04.13"]
[WhiteClock "0:00:19"]
[BlackClock "0:00:01"]

1. Nf3 c5 2. c4 Nc6 3. Nc3 g6 4. e3 Bg7 5. d4 cxd4 6. exd4 d6 7. d5 Ne5 8. Nxe5 Bxe5 9. Be2 Bg7 10. O-O Nf6 11. Be3 O-O 12. Bd4 a6 13. b4 Bf5 14. Re1 Rc8 15. c5 Nd7 16. Bxg7 Kxg7 17. g4 dxc5 18. gxf5 cxb4 19. Qd4+ Nf6 20. Qxb4 Nxd5 21. Nxd5 Qxd5 22. fxg6 hxg6 23. Bf1 Qg5+ 24. Bg2 Rc7 25. Rac1 Rxc1 26. Qb2+ Kg8 27. Qxc1 Qg4 28. Rxe7 Rd8 29. Re1 b5 30. h3 Qd4 31. Qe3 Qd6 32. Re2 a5 33. Qe5 Qd7 34. Re4 b4 35. Rh4 Qd1+ 36. Kh2 f6 37. Qe6+ Kg7 38. Qe7+ Kg8 39. Qh7+ Kf8 40. Qxg6 Qd6+ 41. f4 Ke7 42. Rh7+ Ke6 43. Qe4+ 1-0


[Site "https://www.chess.com"]

[Event "Titled Tuesday Blitz April 12 Early 2022"]
[White "Dang, Hoang Son"]
[Black "Pranav, V"]
[WhiteFideId "12402435"]
[BlackFideId "25060783"]
[WhiteElo "2252"]
[BlackElo "2349"]
[Result "0-1"]
[Round "09"]
[TimeControl "180+1"]
[Date "2022.04.12"]
[WhiteClock "0:00:02"]
[BlackClock "0:00:06"]

1. d4 Nf6 2. Bf4 c5 3. d5 b5 4. f3 e6 5. e4 c4 6. Nc3 Qb6 7. Qd2 Bc5 8. Nh3 exd5 9. Nxd5 Nxd5 10. Qxd5 Nc6 11. Ng5 O-O 12. Qf5 g6 13. Qh3 h5 14. Qg3 d5 15. exd5 Nb4 16. O-O-O Bf2 17. a3 Bxg3 18. hxg3 a5 19. g4 c3 20. bxc3 Qf6 21. Bd2 Nxd5 22. Ne4 Qe7 23. Kb2 b4 24. gxh5 bxc3+ 25. Nxc3 Rb8+ 26. Nb5 Qc5 27. c4 Nb6 28. Rc1 Na4+ 29. Kb3 Bd7 30. hxg6 Bxb5 31. cxb5 Qd5+ 32. Bc4 Nc5+ 33. Kc3 Qe5+ 34. Kc2 Qf5+ 35. Kb2 Qxg6 36. Ka2 Nd7 37. Bc3 Nf6 38. Rc2 Qxc2+ 39. Bb2 Qxc4+ 40. Ka1 Qf4 41. g3 Qxf3 42. Rh6 Rxb5 43. Rxf6 Qd1+ 44. Ka2 Qb3+ 0-1


[Site "https://www.chess.com"]

[Event "Titled Tuesday Blitz April 12 Early 2022"]
[White "De Souza, Cristiano Gomes"]
[Black "Butti, Enrique"]
[WhiteFideId "2151758"]
[BlackFideId "3700470"]
[WhiteElo "2068"]
[BlackElo "2080"]
[Result "0-1"]
[Round "09"]
[TimeControl "180+1"]
[Date "2022.04.13"]
[WhiteClock "0:00:20"]
[BlackClock "0:00:15"]

1. d4 Nf6 2. c4 e6 3. Nf3 b6 4. g3 Ba6 5. b3 Bb4+ 6. Bd2 Be7 7. Bg2 c6 8. Ne5 d5 9. Bc3 Nfd7 10. Nxd7 Nxd7 11. Nd2 O-O 12. O-O b5 13. cxb5 cxb5 14. Bb2 Rc8 15. Rc1 Qa5 16. a4 bxa4 17. bxa4 Bb4 18. Nf3 Nb6 19. Rxc8 Rxc8 20. Ne5 Nxa4 21. Ba1 Bc3 22. Nd3 Bxa1 23. Qxa1 Rc2 24. Qb1 Rc8 25. Rc1 h6 26. Rxc8+ Bxc8 27. Qb8 Nb6 28. Ne5 Qa1+ 29. Bf1 Qxd4 30. Nc6 Qc5 31. Nxa7 Kh7 32. e3 Bd7 33. Qb7 e5 34. Qa6 e4 35. h4 d4 36. exd4 Qxd4 37. Qe2 f5 38. Qe3 Qxe3 39. fxe3 Nd5 40. Kf2 g5 41. hxg5 hxg5 42. Nb5 Nf6 43. Be2 Bxb5 44. Bxb5 Ng4+ 45. Ke2 Kg6 46. Bd7 Kf6 47. Bc8 Ke5 48. Bb7 Nf6 0-1


[Site "https://www.chess.com"]

[Event "Titled Tuesday Blitz April 12 Early 2022"]
[White "Demin, Vladimir"]
[Black "Sailer, Mike"]
[WhiteFideId "4167457"]
[BlackFideId "2012901"]
[WhiteElo "2391"]
[BlackElo "2109"]
[Result "1-0"]
[Round "09"]
[TimeControl "180+1"]
[Date "2022.04.13"]
[WhiteClock "0:00:45"]
[BlackClock "0:00:03"]

1. d4 d5 2. Nc3 Bf5 3. Bf4 e6 4. e3 Nf6 5. f3 Bd6 6. g4 Bxf4 7. exf4 Bg6 8. h4 h6 9. Bd3 Bxd3 10. Qxd3 Nc6 11. Nge2 Qe7 12. O-O-O O-O-O 13. a3 Kb8 14. Na4 Nd7 15. Kb1 Na5 16. Qb5 Nc4 17. Nc5 Nxc5 18. dxc5 c6 19. Qb4 Qc7 20. Nd4 Rc8 21. f5 e5 22. Nb3 Rhe8 23. Rhe1 Re7 24. Re2 Rce8 25. Rde1 f6 26. Nd2 Nxd2+ 27. Qxd2 d4 28. Re4 Qd7 29. f4 Qd5 30. b4 Qc4 31. Qh2 a5 32. fxe5 axb4 33. exf6+ Rc7 34. Rxe8+ Ka7 35. axb4 Qxb4+ 36. Kc1 d3 37. cxd3 Qc3+ 38. Qc2 Qa3+ 39. Kd2 Rd7 40. Rb1 Qa5+ 41. Ke2 Qc7 42. Qa4+ 1-0


[Site "https://www.chess.com"]

[Event "Titled Tuesday Blitz April 12 Early 2022"]
[White "Dubov, Daniil"]
[Black "Meshkovs, Nikita"]
[WhiteFideId "24126055"]
[BlackFideId "11602740"]
[WhiteElo "2791"]
[BlackElo "2506"]
[Result "1-0"]
[Round "09"]
[TimeControl "180+1"]
[Date "2022.04.12"]
[WhiteClock "0:00:04"]
[BlackClock "0:00:01"]

1. e4 c5 2. Nf3 Nc6 3. Bb5 g6 4. O-O Bg7 5. Bxc6 dxc6 6. d3 Nf6 7. Nc3 O-O 8. Bf4 Nh5 9. Be3 b6 10. h3 Qc7 11. a4 a5 12. Qd2 Rd8 13. g4 Nf6 14. Bf4 Qb7 15. Bh6 Qc7 16. b3 Bh8 17. Rad1 Ba6 18. Bf4 Qc8 19. Be5 Nxg4 20. Bxh8 Kxh8 21. Qf4 Nf6 22. Ng5 Rf8 23. Ne2 Nh5 24. Qh4 f6 25. Nf3 Qc7 26. Nh2 e5 27. f4 exf4 28. Nxf4 Nxf4 29. Qxf4 Qxf4 30. Rxf4 Kg7 31. Rdf1 Bc8 32. Ng4 Bxg4 33. hxg4 Rae8 34. Kg2 Rf7 35. Kg3 Re6 36. Rh1 Rfe7 37. Rhf1 Rd7 38. R1f3 Rc7 39. Kf2 Rce7 40. Ke3 Rd6 41. Rf2 Ree6 42. Rf1 Kh6 43. Rh1+ Kg7 44. Rf3 Re8 45. Rfh3 Rh8 46. Rh6 Re6 47. Kf4 Re5 48. R1h2 Re7 49. g5 fxg5+ 50. Kxg5 Rf7 51. Kg4 Rf1 52. Kg3 Rg1+ 53. Kf4 Rf8+ 54. Ke5 Rh8 55. Kd6 Rg2 56. Rxh7+ Rxh7 57. Rxg2 Kf6 58. e5+ Kf5 59. e6 g5 60. e7 Rh8 61. Rf2+ 1-0


[Site "https://www.chess.com"]

[Event "Titled Tuesday Blitz April 12 Early 2022"]
[White "Dushyant Sharma"]
[Black "Kostiukov, Alexandr"]
[WhiteFideId "25065130"]
[BlackFideId "14108100"]
[WhiteElo "2105"]
[BlackElo "2202"]
[Result "0-1"]
[Round "09"]
[TimeControl "180+1"]
[Date "2022.04.13"]
[WhiteClock "0:00:46"]
[BlackClock "0:00:20"]

1. e4 c5 2. Nf3 g6 3. d4 cxd4 4. Nxd4 Bg7 5. f4 Nc6 6. Nf3 d6 7. Nc3 Nf6 8. Bd3 O-O 9. O-O d5 10. e5 Ng4 11. Qe1 Nh6 12. Bd2 Bf5 13. Kh1 Bxd3 14. cxd3 Nf5 15. Rc1 a6 16. a3 Rc8 17. g4 Nfd4 18. Qg3 e6 19. Nxd4 Nxd4 20. f5 exf5 21. gxf5 Re8 22. f6 Bf8 23. Qh4 Nb3 24. Rf3 Nxd2 25. Rh3 h6 26. d4 Ne4 27. Rg1 Qd7 28. Rg2 Qf5 29. Qe1 Qxh3 0-1


[Site "https://www.chess.com"]

[Event "Titled Tuesday Blitz April 12 Early 2022"]
[White "Dwilewicz, Katarzyna"]
[Black "Antonio, Jorge Carlos"]
[WhiteFideId "1148486"]
[BlackFideId "113190"]
[WhiteElo "1907"]
[BlackElo "2247"]
[Result "1-0"]
[Round "09"]
[TimeControl "180+1"]
[Date "2022.04.13"]
[WhiteClock "0:02:17"]
[BlackClock "0:02:12"]

1. e4 c5 2. Nf3 e6 3. d4 cxd4 4. Nxd4 a6 5. g3 Nc6 6. Bg2 Nf6 7. O-O Bc5 8. Nb3 Ba7 9. Nc3 O-O 10. Bf4 e5 11. Bg5 Nd4 12. Nxd4 Bxd4 13. Nd5 Bxb2 14. Rb1 Ba3 15. Nxf6+ gxf6 16. Bh6 Re8 17. Qg4+ 1-0


[Site "https://www.chess.com"]

[Event "Titled Tuesday Blitz April 12 Early 2022"]
[White "Efremova, Yulia"]
[Black "Buscar, Michael"]
[WhiteFideId "14113953"]
[BlackFideId "2603616"]
[WhiteElo "2107"]
[BlackElo "2010"]
[Result "1-0"]
[Round "09"]
[TimeControl "180+1"]
[Date "2022.04.13"]
[WhiteClock "0:00:53"]
[BlackClock "0:00:51"]

1. d4 d5 2. Nf3 Nf6 3. Bf4 e6 4. e3 Bd6 5. Ne5 Nbd7 6. Nd2 Nf8 7. Bd3 Ng6 8. Bg3 c6 9. h4 Bxe5 10. dxe5 Nd7 11. f4 Ne7 12. e4 Nc5 13. h5 Nxd3+ 14. cxd3 Qb6 15. Qe2 Qxb2 16. O-O a5 17. a4 g6 18. h6 Qb6+ 19. Bf2 Qc7 20. Bc5 Ng8 21. Rab1 Nxh6 22. Bb6 Qe7 23. Nb3 Qh4 24. Bf2 Qxf4 25. Be3 Qg4 26. Qf2 g5 27. Qf6 Qh5 28. Qxh8+ Kd7 29. Nc5+ Kc7 30. Qf6 Qe2 31. Qe7+ 1-0


[Site "https://www.chess.com"]

[Event "Titled Tuesday Blitz April 12 Early 2022"]
[White "Estrada Nieto, Julian"]
[Black "Skliarov, Viktor"]
[WhiteFideId "5101018"]
[BlackFideId "14106736"]
[WhiteElo "2252"]
[BlackElo "2229"]
[Result "1/2-1/2"]
[Round "09"]
[TimeControl "180+1"]
[Date "2022.04.13"]
[WhiteClock "0:00:41"]
[BlackClock "0:00:15"]

1. e4 c5 2. Nf3 Nc6 3. Bb5 e6 4. O-O Nge7 5. Re1 Nd4 6. Nxd4 cxd4 7. c3 a6 8. Ba4 b5 9. Bb3 d5 10. e5 Bb7 11. d3 dxc3 12. Nxc3 d4 13. Ne4 Nf5 14. Bg5 Be7 15. Bxe7 Qxe7 16. Rc1 O-O 17. Qd2 Rac8 18. a3 Qh4 19. Nc5 Bxg2 20. Kxg2 Qg4+ 21. Kf1 Nh4 22. Re4 Qg2+ 23. Ke2 Qf3+ 24. Kf1 Qh1+ 25. Ke2 Qf3+ 26. Kf1 Qh1+ 27. Ke2 Qf3+ 1/2-1/2


[Site "https://www.chess.com"]

[Event "Titled Tuesday Blitz April 12 Early 2022"]
[White "Gallegos Diaz, Carlos Alberto"]
[Black "Hnydiuk, Aleksander"]
[WhiteFideId "3900886"]
[BlackFideId "1109057"]
[WhiteElo "2362"]
[BlackElo "2374"]
[Result "0-1"]
[Round "09"]
[TimeControl "180+1"]
[Date "2022.04.13"]
[WhiteClock "0:00:14"]
[BlackClock "0:00:29"]

1. e4 Nf6 2. d3 e5 3. Nd2 d5 4. Ngf3 Bd6 5. Be2 O-O 6. O-O Re8 7. c3 Bg4 8. h3 Bh5 9. Re1 Nbd7 10. Qc2 c6 11. b4 a5 12. Rb1 axb4 13. cxb4 Nb6 14. a3 Na4 15. Nf1 d4 16. Ng3 Bxf3 17. Bxf3 Nc3 18. Rb3 Bf8 19. Nf5 Qd7 20. Bg5 Re6 21. g3 b6 22. h4 c5 23. bxc5 Bxc5 24. Bg2 Qa4 25. Bh3 Rc6 26. Bc1 Bf8 27. g4 Ra7 28. g5 Nh5 29. Bg4 Nf4 30. Bxf4 exf4 31. Qd2 Qxb3 32. Qxf4 Qxa3 33. Nxd4 Rcc7 34. h5 Qb4 35. Nf5 Nd5 36. Nh6+ gxh6 0-1


[Site "https://www.chess.com"]

[Event "Titled Tuesday Blitz April 12 Early 2022"]
[White "Garv Gaur"]
[Black "Pinheiro, Iung Alicio de O."]
[WhiteFideId "45030839"]
[BlackFideId "2104350"]
[WhiteElo "1950"]
[BlackElo "2581"]
[Result "1-0"]
[Round "09"]
[TimeControl "180+1"]
[Date "2022.04.13"]
[WhiteClock "0:00:02"]
[BlackClock "0:00:03"]

1. d4 Nf6 2. Nf3 g6 3. c4 Bg7 4. g3 Kf8 5. Bg2 Kg8 6. O-O h6 7. Nc3 d6 8. h3 Kh7 9. e4 Nc6 10. Qe2 e5 11. dxe5 Nxe5 12. Rd1 Nxf3+ 13. Qxf3 Re8 14. c5 Qe7 15. cxd6 cxd6 16. Bf4 Rd8 17. Nb5 Ne8 18. Qa3 Bf8 19. e5 d5 20. Rxd5 Be6 21. Rxd8 Rxd8 22. Nd6 Nxd6 23. exd6 Qf6 24. Qxa7 g5 25. Be3 Bxd6 26. Qxb7 Be5 27. Re1 Bxb2 28. a4 Bc3 29. Rc1 Bd2 30. Bxd2 Rxd2 31. Qe4+ Kg7 32. Qe3 Ra2 33. Rc8 Rxa4 34. Rb8 Ra1+ 35. Kh2 Ra2 36. Kg1 h5 37. Qc5 Ra1+ 38. Kh2 Kg6 39. Be4+ Bf5 40. Rb6 Ra6 41. Rxf6+ Rxf6 42. Bxf5+ Rxf5 43. Qd6+ Rf6 44. Qd3+ Kg7 45. Kg2 g4 46. hxg4 hxg4 47. Qd4 Kg6 48. Qxg4+ Kh7 49. Qd4 Kg6 50. g4 Re6 51. Kg3 Rf6 52. f4 Ra6 53. f5+ Kh7 54. Qd3 Rf6 55. g5 Rb6 56. f6+ Kg8 57. Qd8+ Kh7 58. Qe7 Kg6 59. Kf4 Rb1 60. Qe8 Rf1+ 61. Kg3 Rg1+ 62. Kf2 Rxg5 63. Qg8+ Kxf6 64. Qd8+ Kg6 65. Qd6+ Kg7 66. Kf3 Rg6 67. Qd7 Kg8 68. Kf4 Kg7 69. Kf5 Kg8 70. Qd4 Kh7 71. Qh4+ Kg8 72. Qe7 Kg7 73. Qe5+ Kg8 74. Qc3 Kh7 75. Qc1 Kg8 76. Qb1 Kg7 77. Qb8 Kh7 78. Qf8 Rg7 79. Kf6 Rg6+ 80. Ke5 Rg1 81. Qxf7+ Rg7 82. Qf5+ Kg8 83. Qc8+ Kf7 84. Kf5 1-0


[Site "https://www.chess.com"]

[Event "Titled Tuesday Blitz April 12 Early 2022"]
[White "Girinath, P.D.S."]
[Black "GodDMuhammad"]
[WhiteFideId "5000572"]
[WhiteElo "2369"]
[BlackElo "2318"]
[Result "1-0"]
[Round "09"]
[TimeControl "180+1"]
[Date "2022.04.13"]
[WhiteClock "0:00:12"]
[BlackClock "0:00:12"]

1. e4 e5 2. Nf3 f5 3. exf5 e4 4. Ne5 Nf6 5. d4 d6 6. Nc4 Bxf5 7. Ne3 Bg6 8. d5 Be7 9. Be2 O-O 10. g4 Nfd7 11. Nc3 Ne5 12. Nb5 c5 13. dxc6 bxc6 14. Nd4 Bh4 15. Nef5 Qf6 16. Be3 c5 17. Nb5 Bxf5 18. gxf5 Qxf5 19. Qd5+ Kh8 20. Qxa8 Bxf2+ 21. Bxf2 Qxf2+ 22. Kd1 Nbc6 23. Qb7 Nd4 24. Qxe4 Rf4 25. Qa8+ Rf8 26. Qe4 Nxb5 27. Rf1 Qxf1+ 28. Bxf1 Rxf1+ 29. Ke2 Rf8 30. c3 a6 31. Rf1 Re8 32. Kd1 Nc7 33. Qb7 Ne6 34. Qxa6 Rd8 35. Kc1 c4 36. Rd1 Nd3+ 37. Rxd3 cxd3 38. Qxd3 Kg8 39. Qe3 Kf7 40. Qb6 Rd7 41. a4 Nc5 42. a5 Ke6 43. Kb1 Rf7 44. a6 Rf1+ 45. Ka2 Rf2 46. a7 Rxb2+ 47. Qxb2 Nd3 48. Qb3+ d5 49. a8=Q Ne5 50. Kb2 Kf5 51. Kb1 Nd3 52. Qc2 Ke4 53. Qxd3+ Kxd3 54. Qxd5+ Kxc3 55. Qg5 Kd3 56. Qe7 h5 57. Qxg7 Ke4 58. Qh7+ Kf3 59. Qxh5+ Kf4 60. Qh8 1-0


[Site "https://www.chess.com"]

[Event "Titled Tuesday Blitz April 12 Early 2022"]
[White "Gracia Alvarez, Gerardo Antonio"]
[Black "Kucuksari, Kaan"]
[WhiteFideId "5109124"]
[BlackFideId "6380166"]
[WhiteElo "2139"]
[BlackElo "2305"]
[Result "0-1"]
[Round "09"]
[TimeControl "180+1"]
[Date "2022.04.13"]
[WhiteClock "0:00:05"]
[BlackClock "0:00:39"]

1. e4 c5 2. Nc3 Nc6 3. Bb5 Nd4 4. Nf3 e6 5. O-O a6 6. Bd3 Nc6 7. b3 d6 8. Bb2 Nf6 9. Re1 Nd7 10. Bf1 Nde5 11. Nxe5 dxe5 12. Ne2 Bd6 13. c3 O-O 14. d4 cxd4 15. cxd4 Bb4 16. dxe5 Bxe1 17. Qxe1 b5 18. Ng3 Bb7 19. Qe3 Qb8 20. Qg5 h6 21. Qg4 Nxe5 22. Qh4 Ng6 23. Qg4 Qf4 24. Qe2 Rfd8 25. Nh5 Qg5 26. Bxg7 Rd2 27. Qf3 f5 28. Bc3 Bxe4 29. Qh3 Rc2 30. Nf6+ Kf7 31. Nxe4 fxe4 32. Bd4 Nf4 33. Qe3 Ne2+ 34. Bxe2 Qxe3 35. Bxe3 Rxe2 36. Rd1 Rd8 0-1


[Site "https://www.chess.com"]

[Event "Titled Tuesday Blitz April 12 Early 2022"]
[White "Grandelius, Nils"]
[Black "Goryachkina, Aleksandra"]
[WhiteFideId "1710400"]
[BlackFideId "4147103"]
[WhiteElo "2617"]
[BlackElo "2426"]
[Result "1/2-1/2"]
[Round "09"]
[TimeControl "180+1"]
[Date "2022.04.12"]
[WhiteClock "0:00:15"]
[BlackClock "0:00:10"]

1. Nf3 d5 2. g3 Bg4 3. Bg2 c6 4. h3 Bh5 5. O-O Nf6 6. c4 e6 7. d4 Bxf3 8. Bxf3 Nbd7 9. Nd2 Bd6 10. e4 dxe4 11. Nxe4 Nxe4 12. Bxe4 Nf6 13. Bg2 O-O 14. Qb3 Rb8 15. Be3 a6 16. Rad1 Qe7 17. Rfe1 h6 18. Qc2 Rfd8 19. a3 Rd7 20. Bd2 Qd8 21. Bc3 Be7 22. Re2 Qc7 23. Qa4 Qd8 24. Red2 Qc7 25. Rd3 Qd8 26. Ba5 Qf8 27. d5 exd5 28. cxd5 b5 29. Qb3 cxd5 30. Bxd5 Nxd5 31. Rxd5 Rxd5 32. Rxd5 Bf6 33. Rd7 Qe8 34. Ra7 Rc8 35. Bd2 Rc6 36. Be3 Qe6 37. Ra8+ Kh7 38. Qd3+ g6 39. h4 Qc4 40. Qd7 Qe6 41. Qb7 Rd6 42. Ra7 Kg7 43. b3 Bxh4 44. Qh1 Bg5 45. Qf3 Bxe3 46. fxe3 Qf6 47. Qf4 Qxf4 48. gxf4 Kf6 49. Kf2 Ke6 50. Kf3 g5 51. Ke4 f5+ 52. Kf3 Kd5 53. Rf7 g4+ 54. Ke2 Rg6 55. Rxf5+ Kd6 56. Rh5 g3 57. Kf1 Re6 58. Kg2 Rxe3 59. Rxh6+ Kd5 60. Rxa6 Rxb3 61. f5 Ke5 62. f6 Rd3 63. f7 Rd8 64. Kxg3 Rf8 65. Ra7 Ke6 66. Kf4 Rxf7+ 67. Rxf7 Kxf7 68. Ke5 Ke7 69. Kd5 Kd7 70. Kc5 Kc7 71. Kxb5 Kb7 72. a4 Ka7 73. a5 Ka8 74. a6 Kb8 75. Ka5 Ka8 76. Kb5 Kb8 77. Kb6 Ka8 78. a7 1/2-1/2


[Site "https://www.chess.com"]

[Event "Titled Tuesday Blitz April 12 Early 2022"]
[White "Dronavalli, Harika"]
[Black "Alinasab, Mobina"]
[WhiteFideId "5015197"]
[BlackFideId "12528897"]
[WhiteElo "2382"]
[BlackElo "2031"]
[Result "1-0"]
[Round "09"]
[TimeControl "180+1"]
[Date "2022.04.13"]
[WhiteClock "0:00:21"]
[BlackClock "0:00:02"]

1. Nf3 Nf6 2. c4 e6 3. g3 b6 4. Bg2 Bb7 5. O-O Be7 6. b3 O-O 7. Bb2 c5 8. Nc3 d6 9. e3 a6 10. Qe2 Nbd7 11. Rfd1 Qc7 12. Rac1 Rac8 13. d4 cxd4 14. Nxd4 Bxg2 15. Kxg2 Qb7+ 16. Qf3 Qc7 17. e4 Qb7 18. Kg1 Rfe8 19. Qe2 d5 20. exd5 exd5 21. Qf3 Ne5 22. Qg2 Bc5 23. Nxd5 Nxd5 24. cxd5 Bxd4 25. Bxd4 Rxc1 26. Rxc1 Nd3 27. Rd1 Ne1 28. Qh1 Nc2 29. Qf3 Nxd4 30. Rxd4 Rd8 31. Kg2 Rd6 32. h4 Qd7 33. a4 h6 34. Qe4 b5 35. a5 Qd8 36. b4 Qd7 37. Qe5 Kh7 38. Kh2 Kg8 39. Rd3 Kh7 40. h5 Kg8 41. Kg2 Kf8 42. Qe4 Kg8 43. f4 Qd8 44. Qe5 Qd7 45. Rd4 Qd8 46. Qf5 Kh8 47. Qxf7 Rf6 48. Qb7 Rd6 49. Kh2 Qe8 50. Rd2 Qxh5+ 51. Kg2 Qg6 52. Qb8+ Kh7 53. Qc8 Rxd5 54. Rxd5 Qe4+ 55. Kf2 Qxd5 56. Qc2+ Kh8 57. Qc8+ Kh7 58. Qxa6 Qd2+ 59. Kf3 Qd3+ 60. Kg4 Qe2+ 61. Kf5 Qh5+ 62. Ke4 Qe2+ 63. Kd4 Qc4+ 64. Ke5 Qxb4 65. Qb6 Qe1+ 66. Kd6 Qd2+ 67. Kc7 b4 68. a6 Qc3+ 69. Kb8 b3 70. a7 b2 71. a8=Q Qc2 72. Qab7 1-0


[Site "https://www.chess.com"]

[Event "Titled Tuesday Blitz April 12 Early 2022"]
[White "Hoffmann, Asa"]
[Black "Raahul V S"]
[WhiteFideId "2001470"]
[BlackFideId "25035525"]
[WhiteElo "2336"]
[BlackElo "2441"]
[Result "0-1"]
[Round "09"]
[TimeControl "180+1"]
[Date "2022.04.13"]
[WhiteClock "0:00:25"]
[BlackClock "0:00:19"]

1. d4 d5 2. Bg5 Nd7 3. c4 c6 4. cxd5 cxd5 5. Nc3 Ngf6 6. e3 e6 7. Bd3 Bd6 8. f4 O-O 9. Nf3 a6 10. O-O b5 11. Ne5 Bb7 12. Qf3 Qe8 13. Rac1 b4 14. Ne2 Ne4 15. Bxe4 dxe4 16. Qh3 f6 17. Nxd7 Qxd7 18. Bh4 a5 19. Ng3 Kh8 20. f5 exf5 21. Qxf5 Qe8 22. Rc2 g5 23. Bxg5 fxg5 24. Qxg5 Rxf1+ 25. Kxf1 Qg6 26. Qxg6 hxg6 27. Ne2 Kg7 28. g3 Rf8+ 29. Kg2 Rf3 30. Nf4 Rxe3 31. Ne6+ Kf6 32. Nc5 Bd5 33. Nd7+ Ke6 34. Nc5+ Ke7 35. b3 Rc3 36. Re2 e3+ 37. Kh3 Bf3 38. Re1 Bxc5 39. dxc5 e2 40. g4 Bc6+ 41. Kh4 Bb5 42. Kg5 Kf7 43. h4 Kg7 44. h5 Rxc5+ 45. Kh4 g5+ 46. Kg3 Rd5 47. Kf3 Rd1 48. Kf2 Kf6 49. h6 Kg6 0-1


[Site "https://www.chess.com"]

[Event "Titled Tuesday Blitz April 12 Early 2022"]
[White "Hua, Lefong"]
[Black "Aaditya Dhingra"]
[WhiteFideId "2602253"]
[BlackFideId "25678191"]
[WhiteElo "2576"]
[BlackElo "1849"]
[Result "1-0"]
[Round "09"]
[TimeControl "180+1"]
[Date "2022.04.13"]
[WhiteClock "0:00:22"]
[BlackClock "0:00:01"]

1. d4 Nf6 2. c4 a6 3. Nc3 c5 4. d5 b5 5. f3 bxc4 6. e4 d6 7. Bxc4 g6 8. Nge2 Bg7 9. O-O O-O 10. Rb1 Nbd7 11. b3 Ne5 12. f4 Nxc4 13. bxc4 a5 14. Qd3 Ba6 15. Nb5 Rb8 16. a4 e6 17. Nec3 exd5 18. exd5 Bc8 19. f5 Bxf5 20. Rxf5 gxf5 21. Bf4 Ne4 22. Nxe4 fxe4 23. Qg3 Rb7 24. Bxd6 Re8 25. Bxc5 f5 26. Rf1 Rf7 27. Nd6 Qc7 28. Ba3 f4 29. Qg4 Qa7+ 30. c5 Qa6 31. Nxe8 h5 32. Qg5 Rf5 1-0


[Site "https://www.chess.com"]

[Event "Titled Tuesday Blitz April 12 Early 2022"]
[White "Ibadov, Dashgyn"]
[Black "Khamdamova, Afruza"]
[WhiteFideId "24107514"]
[BlackFideId "14210444"]
[WhiteElo "2138"]
[BlackElo "1660"]
[Result "1-0"]
[Round "09"]
[TimeControl "180+1"]
[Date "2022.04.13"]
[WhiteClock "0:00:26"]
[BlackClock "0:00:01"]

1. e4 e5 2. Nf3 Nf6 3. Nc3 Nc6 4. Bb5 Bc5 5. O-O O-O 6. d3 d6 7. Ne2 Bg4 8. Ng3 Nd4 9. Bc4 Nxf3+ 10. gxf3 Bh3 11. Re1 c6 12. Be3 Bxe3 13. fxe3 d5 14. Bb3 h5 15. Qe2 h4 16. Nh1 Nh5 17. f4 g6 18. Nf2 Be6 19. f5 Qg5+ 20. Kh1 Bd7 21. Rg1 Qh6 22. Ng4 Qg7 23. Raf1 g5 24. Nxe5 Qxe5 25. Qxh5 f6 26. Qg6+ Kh8 27. Qh6+ Kg8 28. exd5 cxd5 29. e4 Bc6 30. Qxh4 Rf7 31. Qg3 Qxg3 32. Rxg3 Rd8 33. e5 fxe5 34. Rxg5+ Kf8 35. f6 d4+ 36. Kg1 Bd5 37. Rxe5 Bxb3 38. axb3 Rd6 39. Re4 Rdxf6 40. Rxf6 Rxf6 41. Rxd4 Rg6+ 42. Kf2 Rh6 43. h4 Rf6+ 44. Kg3 Ke7 45. h5 Rh6 46. Kg4 Rh8 47. Kg5 Rg8+ 48. Kf5 Rh8 49. Rh4 Rh6 50. Kg5 Rh8 51. h6 Kf7 52. h7 Kg7 53. d4 b6 54. d5 b5 55. c4 1-0


[Site "https://www.chess.com"]

[Event "Titled Tuesday Blitz April 12 Early 2022"]
[White "Iljin, Timofey"]
[Black "Mika, Tomasz"]
[WhiteFideId "14110180"]
[BlackFideId "1132970"]
[WhiteElo "2396"]
[BlackElo "2116"]
[Result "1-0"]
[Round "09"]
[TimeControl "180+1"]
[Date "2022.04.13"]
[WhiteClock "0:01:50"]
[BlackClock "0:01:27"]

1. d4 d5 2. c4 e6 3. Nc3 c5 4. cxd5 exd5 5. Nf3 Nc6 6. g3 Nf6 7. Bg2 Be7 8. O-O O-O 9. dxc5 Bxc5 10. Bg5 Be6 11. Rc1 Be7 12. Nb5 h6 13. Be3 Qd7 14. Nbd4 Bh3 15. Bxh3 Qxh3 16. Nxc6 bxc6 17. Rxc6 Ng4 18. Qxd5 Nxe3 19. fxe3 Rfe8 20. Ne5 Bg5 21. Qxf7+ Kh8 22. Ng6+ Kh7 23. Nf4 Rxe3 24. Rc7 Rxg3+ 25. hxg3 Qxg3+ 26. Kh1 Bxf4 27. Qxf4 Qh3+ 28. Kg1 Rf8 29. Rxg7+ Kxg7 30. Qxf8+ 1-0


[Site "https://www.chess.com"]

[Event "Titled Tuesday Blitz April 12 Early 2022"]
[White "Iskusnyh, Sergei"]
[Black "Pourkashiyan, Atousa"]
[WhiteFideId "4120027"]
[BlackFideId "12502014"]
[WhiteElo "2492"]
[BlackElo "2247"]
[Result "1-0"]
[Round "09"]
[TimeControl "180+1"]
[Date "2022.04.13"]
[WhiteClock "0:00:03"]
[BlackClock "0:00:05"]

1. d4 Nf6 2. c4 e6 3. g3 d5 4. Nf3 Be7 5. Bg2 O-O 6. O-O dxc4 7. Qa4 a6 8. Qxc4 b5 9. Qc2 Bb7 10. Bd2 Be4 11. Qc1 Nbd7 12. Ba5 Ra7 13. Nbd2 Bd5 14. a3 Qa8 15. b4 Nb6 16. Qc2 Ne4 17. Bxb6 cxb6 18. Rac1 Nxd2 19. Qxd2 a5 20. Ne1 Bxg2 21. Nxg2 axb4 22. axb4 Ra4 23. Rc7 Bxb4 24. Qd3 Bd6 25. Rc2 Ra3 26. Rc3 b4 27. Rb3 Qa4 28. Rfb1 Rc8 29. Ne3 h6 30. d5 Rc3 31. Rxc3 Rxc3 32. Qe4 Qa2 33. Rd1 e5 34. Nf5 Bf8 35. d6 Rc8 36. Qxb4 Qe6 37. e4 Rd8 38. Qxb6 g6 39. Qxd8 gxf5 40. d7 Qb3 41. Qxf8+ Kxf8 42. d8=Q+ Kg7 43. exf5 h5 44. Qd5 Qb2 45. Qd2 Qb3 46. Qg5+ Kh7 47. Qxh5+ Kg7 48. Rd6 Qb1+ 49. Kg2 Qe4+ 50. Kh3 Qe1 51. f6+ Kg8 52. Rd8# 1-0


[Site "https://www.chess.com"]

[Event "Titled Tuesday Blitz April 12 Early 2022"]
[White "Itkis, Boris"]
[Black "Cagara, Paulina"]
[WhiteFideId "1209167"]
[BlackFideId "1124870"]
[WhiteElo "2207"]
[BlackElo "1780"]
[Result "1-0"]
[Round "09"]
[TimeControl "180+1"]
[Date "2022.04.13"]
[WhiteClock "0:00:41"]
[BlackClock "0:00:42"]

1. c4 f5 2. b4 Nf6 3. Bb2 g6 4. e3 Bg7 5. Nf3 O-O 6. d4 d6 7. Qb3 a5 8. b5 Kh8 9. a4 Be6 10. Nbd2 Bg8 11. Be2 Nbd7 12. Qc2 b6 13. O-O-O Qe8 14. d5 e5 15. h4 h5 16. Ng5 Nc5 17. f3 e4 18. fxe4 Nfxe4 19. Bxg7+ Kxg7 20. Ndxe4 Nxe4 21. Nxe4 Qxe4 22. Qxe4 fxe4 23. Rdf1 Rxf1+ 24. Rxf1 Rf8 25. Rxf8 Kxf8 26. Kd2 Ke7 27. Kc3 Kf6 28. Kd4 Kf5 29. Bd1 Bf7 30. Bc2 Kg4 31. Kxe4 Kxh4 32. Kf4 Be8 33. e4 g5+ 34. Kf5 Bd7+ 35. Kf6 g4 36. Ke7 Bxb5 37. cxb5 Kg3 38. Kd7 Kxg2 39. Kxc7 h4 40. e5 h3 41. exd6 Kf3 42. d7 h2 43. d8=Q h1=Q 44. Qf6+ Kg3 45. Qe5+ Kf2 46. Be4 Qc1+ 47. Kb7 g3 48. d6 g2 49. Bxg2 Kxg2 50. d7 Qd2 51. Qc7 Qd5+ 52. Ka7 1-0


[Site "https://www.chess.com"]

[Event "Titled Tuesday Blitz April 12 Early 2022"]
[White "Jakubowska, Anna"]
[Black "Biletskiy, Danylo"]
[WhiteFideId "1121952"]
[BlackFideId "14155419"]
[WhiteElo "1924"]
[BlackElo "2087"]
[Result "1/2-1/2"]
[Round "09"]
[TimeControl "180+1"]
[Date "2022.04.13"]
[WhiteClock "0:00:50"]
[BlackClock "0:00:08"]

1. e4 c5 2. Nc3 Nc6 3. g3 e5 4. Bg2 g6 5. d3 Bg7 6. Nh3 Nge7 7. O-O O-O 8. f4 d6 9. f5 gxf5 10. exf5 Bxf5 11. Rxf5 Nxf5 12. Be4 Nfd4 13. Bxh7+ Kxh7 14. Qh5+ Kg8 15. Ng5 Nf3+ 16. Qxf3 Qf6 17. Qg4 Qg6 18. Be3 Nd4 19. Nd5 Rfe8 20. Bxd4 exd4 21. Nc7 f5 22. Qf4 Be5 23. Qd2 Rac8 24. Nxe8 Rxe8 25. Rf1 Rf8 26. Nh3 Qg4 27. Nf4 Rf6 28. Qa5 Bxf4 29. Rxf4 Qd1+ 30. Rf1 Qxc2 31. Qd8+ Kg7 32. Qe7+ Kg6 33. g4 Qxd3 34. Qe8+ Kg7 35. Qe7+ Kg6 36. Qe8+ Kg7 37. Qe7+ Kg6 1/2-1/2


[Site "https://www.chess.com"]